 Dungeon Crawl Stone Soup version 0.29-a0-334-gb41bcbb86e (webtiles) character file.

Game seed: 17482075278572383315

237 EPluribusUnum the Shooter (level 6, -1/43 HPs)
             Began as a Human Arcane Marksman on Apr 15, 2022.
             Slain by an orc wizard
             ... wielding a +0 dagger
              (4 damage)
             ... on level 3 of the Dungeon.
             The game lasted 00:10:56 (4318 turns).

EPluribusUnum the Shooter (Human Arcane Marksman)   Turns: 4318, Time: 00:10:56

Health: -1/43      AC:  3    Str: 11    XL:     6   Next: 28%
Magic:  7/7        EV: 12    Int: 13    God:
Gold:   210        SH:  0    Dex: 15    Spells: 6/7 levels left

rFire   . . .      SeeInvis .   h - +0 dagger (drain)
rCold   . . .      Faith    .   (no shield)
rNeg    . . .      Spirit   .   b - +0 robe
rPois   .          Reflect  .   (no helmet)
rElec   .          Harm     .   j - +0 cloak
rCorr   .          Rampage  .   (no gloves)
Will    .....                   (no boots)
Stlth   +.........              (no amulet)
HPRegen 0.14/turn               (no ring)
MPRegen 0.10/turn               (no ring)

@: no status effects
A: no striking features
a: no special abilities


You were on level 3 of the Dungeon.
You visited 1 branch of the dungeon, and saw 4 of its levels.

You collected 210 gold pieces.

Inventory:

Hand Weapons
 a - a +0 shortbow
 h - a +0 dagger of draining (weapon)
Armour
 b - a +0 robe (worn)
 i - a +2 kite shield
 j - a +0 cloak (worn)
 k - the +3 ring mail of Pandemonium {rC+++ Regen+ MP-9 Int-2}
   (You found it on level 2 of the Dungeon)

   Int:       It affects your intelligence (-2).
   rC:        It renders you almost immune to cold.
   MP:        It affects your magic capacity (-9).
   Regen:     It increases your rate of health regeneration.
Jewellery
 d - a ring of flight
Scrolls
 c - 2 scrolls of vulnerability
 e - 3 scrolls of identify
 f - 2 scrolls of immolation
 m - a scroll of noise {unknown}
Potions
 g - 3 potions of heal wounds {unknown}
 l - a potion of attraction {unknown}


   Skills:
 * Level 1.0 Fighting
 + Level 6.1 Bows
 * Level 2.0 Dodging
 * Level 1.1 Spellcasting
 - Level 3.0 Hexes


You had 6 spell levels left.
You knew the following spells:

 Your Spells              Type           Power      Damage    Failure   Level
a - Slow                  Hex            32%        N/A       9%          1

Your spell library contained the following spells:

 Spells                   Type           Power      Damage    Failure   Level
 Inner Flame              Hex/Fire       4%         N/A       41%         3
 Portal Projectile        Hex/Tloc       8%         N/A       41%         3
 Cause Fear               Hex            4%         N/A       63%         4
 Summon Lightning Spire   Summ/Air       0%         N/A       95%         4
 Storm Form               Tmut/Air       0%         N/A       100%        7
 Maxwell's Capacitive Co  Air            0%         ∞         100%        8


Dungeon Overview and Level Annotations

Branches:
Dungeon (4/15)
 Temple: D:4-7

Altars:
Gozag
Okawaru

Annotations:
D:3 1 runed translucent door, Crazy Yiuf
D:4 Edmund, Pikel


Message History

Okay, then.
Okay, then.
Casting: Slow (safe; 9% risk of failure)
Confirm with . or Enter, or press ? or * to list all spells.
Okay, then.
Shoot: a) +0 shortbow
Press: ? - help, Q - select action, (/) - cycle Shift-Dir - straight line You shoot an arrow.
Something hits you.
You sense an unholy aura.
h - a +0 dagger of draining (weapon)
You barely miss something. Something hits you but does no damage.
You hit something. Something hits you but does no damage.
You barely miss something. Something hits you but does no damage.
You barely miss something.
You hear some strange, mumbled words.
You are confused.
You bump into the rock wall.
Something hits you but does no damage.
You bump into the rock wall.
Something hits you.
You barely miss something. Something hits you. Something hits you.
You feel less confused.
You closely miss something. Something hits you.
You hit something. Something hits you but does no damage.
You hit something.
You hear some strange, mumbled words.
A puff of flame appears from out of thin air!
The puff of flame hits you.
You miss something.
You hear some strange, mumbled words.
A puff of flame appears from out of thin air!
The puff of flame hits you!
You miss something.
You hear some strange, mumbled words.
A magic dart appears from out of thin air!
The magic dart hits you!
* * * LOW HITPOINT WARNING * * *
You miss something. Something hits you but does no damage.
You miss something. Something hits you.
You die...

###### #.>.# #.###
.....### #...# ####.#
####.>.######...####....#
###..........##...####
###..............#
##..###..........#
#####.(.....)........#
##.[..................#
......##.......{@.....#
##..####......>.......#
##.## ###...##......##
...#######.######.##.##
...........# #..##..#
##.........#####.####.##
####..####.......####..#
...#..# #####.........#
.....##########.########


There were no monsters in sight!

Vanquished Creatures
  A hound (D:3)
  Jessica (D:2)
  Robin (D:1)
  3 gnolls (D:3)
  5 adders
  A worm (D:2)
  2 dart slugs
  4 orcs (D:3)
  5 ball pythons
  6 endoplasms
  2 giant cockroaches
  13 goblins
  8 hobgoblins
  4 jackals (D:1)
  10 kobolds
  2 quokkas
  9 bats
  A frilled lizard (D:1)
  8 rats (D:1)
86 creatures vanquished.

Notes
Turn   | Place    | Note
-------+----------+-------------------------------------------
     0 | D:1      | EPluribusUnum the Human Arcane Marksman began the quest for
                  | the Orb.
     0 | D:1      | Reached XP level 1. HP: 15/15 MP: 2/2
   144 | D:1      | Reached XP level 2. HP: 21/21 MP: 3/3
   313 | D:1      | Reached skill level 3 in Bows
   343 | D:1      | Reached XP level 3. HP: 17/26 MP: 4/4
   813 | D:2      | Noticed Robin
   823 | D:1      | HP: 1/25 [hobgoblin[Robin] (1)]
   824 | D:1      | Killed Robin
  1165 | D:1      | Reached skill level 4 in Bows
  1165 | D:1      | Reached XP level 4. HP: 32/32 MP: 5/5
  1584 | D:2      | Noticed Jessica
  1591 | D:2      | Killed Jessica
  1902 | D:2      | Reached XP level 5. HP: 37/37 MP: 6/6
  1927 | D:2      | Noticed a golden eye
  1931 | D:2      | Found a faded altar of an unknown god.
  1933 | D:2      | Noticed a floating eye
  1933 | D:2      | Noticed an eye of devastation
  1933 | D:2      | Noticed a floating eye
  2462 | D:2      | Reached skill level 5 in Bows
  2824 | D:2      | Identified the +3 ring mail of Pandemonium {rC+++ Regen+
                  | MP-9 Int-2}
  2869 | D:3      | Found an iron altar of Okawaru.
  3259 | D:3      | Found an opulent altar of Gozag.
  3285 | D:3      | Reached XP level 6. HP: 43/43 MP: 7/7
  3463 | D:3      | Reached skill level 6 in Bows
  3778 | D:3      | Found a runed translucent door.
  3779 | D:3      | Noticed Crazy Yiuf
  4031 | D:4      | Noticed Pikel
  4116 | D:4      | Noticed Edmund
  4316 | D:3      | HP: 2/43 [something/magic dart (12)]
  4318 | D:3      | Slain by an orc wizard

Illustrated notes

Levels and vault maps discovered:
D:1:      zelgadis_glass_arrival_small, layout_loops_ring
D:2:      layout_basic, hellmonk_ecumenical_altar_watching_god, st_stairs_6,
          uniq_robin, uniq_jessica
D:3:      layout_rooms, mainiacjoe_overflow_catch_the_wave,
          uniq_crazy_yiuf_cottage
D:4:      minmay_inner_zag, layout_rooms, nicolae_overflow_quartered_altars,
          chequers_serial_rivers_small_3, chequers_serial_rivers_micro_c,
          uniq_menkaure, uniq_pargi, uniq_pikel, uniq_edmund

Skill      XL: |  1  2  3  4  5  6 |
---------------+-------------------+-----
Bows           | 3 4 5 6 |  6.1
Fighting       | |  1.0
Dodging        | |  2.0
Spellcasting   | |  1.1
Hexes          | |  3.0

Action                   |  1- 3 |  4- 6 || total
-------------------------+-------+-------++-------
Melee: Dagger            |     8 |    12 ||    20
 Fire: Shortbow          |    80 |   194 ||   274
 Cast: Slow              |     1 |     5 ||     6
  Use: Scroll            |     2 |       ||     2
       Potion            |     1 |       ||     1
Armor: Robe              |    13 |    35 ||    48
Dodge: Dodged            |    31 |   133 ||   164

Table legend: (Time is in decaauts)
 A = Elapsed time spent in this place.
 B = Non-inter-level travel time spent in this place.
 C = Inter-level travel time spent in this place.
 D = Time resting spent in this place.
 E = Time spent auto-exploring this place.
 F = Levels seen in this place.
 G = Mean time per level.
                   A        B        C        D        E       F      G
               +--------+--------+--------+--------+--------+-----+--------+
         Total |   4396 |   4268 |    128 |   1153 |   2299 |   4 | 1099.0 |
       Dungeon |   4396 |   4268 |    128 |   1153 |   2299 |   4 | 1099.0 |
               +--------+--------+--------+--------+--------+-----+--------+

Top non-repeatable levels by time:
     D:2: 1616 daAuts
     D:1: 1435 daAuts
     D:3: 1119 daAuts
     D:4: 224 daAuts
